 Dungeon Crawl Stone Soup version 0.29-a0-1006-g0dd7720b37 (webtiles) character file.

Game seed: 9873200018445284161

21 vurker the Sneak (level 2, -1/14 HPs)
             Began as a Vine Stalker Enchanter on Aug 6, 2022.
             Slain by a gnoll
             ... wielding a +0 flail
              (4 damage)
             ... on level 1 of the Dungeon.
             The game lasted 00:00:37 (539 turns).

vurker the Sneak (Vine Stalker Enchanter)            Turns: 539, Time: 00:00:38

Health: -1/14      AC:  2    Str: 10    XL:     2   Next: 83%
Magic:  0/6        EV: 12    Int: 15    God:
Gold:   5          SH:  0    Dex: 14    Spells: 5/5 levels left

rFire   . . .      SeeInvis .   a - +1 dagger
rCold   . . .      Faith    .   (no shield)
rNeg    . . .      Spirit   +   b - +0 robe
rPois   .          Reflect  .   (no helmet)
rElec   .          Harm     .   (no cloak)
rCorr   .          Rampage  .   (no gloves)
Will    .....                   (no boots)
Stlth   ++........              (no amulet)
HPRegen 0.04/turn               (no ring)
MPRegen 0.10/turn               (no ring)

@: no status effects
A: fangs 2, magic shield, antimagic bite, no potion heal 2
a: no special abilities


You were on level 1 of the Dungeon.
You visited 1 branch of the dungeon, and saw 1 of its levels.

You collected 5 gold pieces.

Inventory:

Hand Weapons
 a - a +1 dagger (weapon)
Armour
 b - a +0 robe (worn)
Scrolls
 d - a scroll of amnesia {unknown}
 e - a scroll of enchant weapon {unknown}
 f - a scroll of fear {unknown}
Potions
 c - 2 potions of invisibility
 g - a potion of flight {unknown}
 h - 2 potions of magic {unknown}


   Skills:
 + Level 1.0 Fighting
 * Level 2.0 Short Blades
 - Level 1.5 Dodging
 - Level 3.6 Stealth
 - Level 2.1 Spellcasting
 - Level 3.0 Hexes


You had 5 spell levels left.
You didn't know any spells.
Your spell library contained the following spells:

 Spells                   Type           Power      Damage    Failure   Level
 Ensorcelled Hibernation  Hex/Ice        12%        N/A       19%         2
 Confusing Touch          Hex            10%        N/A       19%         3
 Tukima's Dance           Hex            10%        N/A       19%         3
 Apportation              Tloc           2%         N/A       22%         1
 Necrotise                Necr           4%         1d4       22%         1
 Summon Small Mammal      Summ           4%         N/A       22%         1
 Dazzling Flash           Conj/Hex       12%        N/A       34%         3


Dungeon Overview and Level Annotations

Branches:
Dungeon (1/15)

Altars:


Innate Abilities, Weirdness & Mutations

You have extremely sharp teeth.
When hurt, damage is shared between your health and your magic reserves.
Your bite disrupts and absorbs the magic of your enemies.
Potions cannot restore your health.


Message History

No target in view!
No target in view!
No target in view!
No target in view!
No target in view!
No target in view!
No target in view!
No target in view!
No target in view!
No target in view!
A gnoll and a giant cockroach come into view.
Found 5 gold pieces.
The giant cockroach bites you.
You hit the giant cockroach. The giant cockroach bites you.
You closely miss the giant cockroach. Your bite misses the giant cockroach.
The giant cockroach bites you but does no damage.
You hit the giant cockroach. The giant cockroach bites you.
You closely miss the giant cockroach. The giant cockroach barely misses you.
You hit the giant cockroach. Your bite misses the giant cockroach.
The giant cockroach closely misses you.
You hit the giant cockroach.
You kill the giant cockroach!
No target in view!
No target in view!
No target in view!
No target in view!
No target in view!
No target in view!
No target in view!
No target in view!
No target in view!
No target in view!
Found a stone staircase leading down.
You now have 5 gold pieces.
A gnoll is nearby!
A gnoll is nearby!
A gnoll is nearby!
The gnoll shouts!
You hit the gnoll. Your punch misses the gnoll. You bite the gnoll.
You drain its power. The gnoll barely misses you.
You barely miss the gnoll. Your bite misses the gnoll.
The gnoll hits you with a +0 flail.
You closely miss the gnoll. You bite the gnoll, but do no damage.
You hit the gnoll. You bite the gnoll. You drain its power.
You feel invigorated. The gnoll closely misses you.
You barely miss the gnoll. The gnoll hits you with a +0 flail!
Ouch! That really hurt!
* * * LOW HITPOINT WARNING * * *
You closely miss the gnoll. The gnoll hits you with a +0 flail.
You die...

#.....# ......# #.....#
......# #....^# ......#
#..... ......# #....# ###
......# #....#####.##......#
#...>...............
#....##.##.#@g......
#..............!###########..
#######.##..?..##~~~~~~~~~##.
#........# ~~~~~~~~~~#.
######........#~ #°☼~~#~~~#.
..............#~~~~~~☼~~~~#.
........#.....#~~~ ~~~~~~~#.
........#.....#############.
........#...#..+....<....'..


You could see a gnoll.

Vanquished Creatures
  3 ball pythons (D:1)
  2 bats (D:1)
  3 endoplasms (D:1)
  A giant cockroach (D:1)
  A goblin (D:1)
  A hobgoblin (D:1)
  3 kobolds (D:1)
  A frilled lizard (D:1)
  3 rats (D:1)
18 creatures vanquished.

Notes
Turn   | Place    | Note
-------+----------+-------------------------------------------
     0 | D:1      | vurker the Vine Stalker Enchanter began the quest for the
                  | Orb.
     0 | D:1      | Reached XP level 1. HP: 9/9 MP: 4/4
    12 | D:1      | Reached skill level 1 in Short Blades
    34 | D:1      | Reached XP level 2. HP: 4/14 MP: 1/6
   413 | D:1      | Reached skill level 1 in Fighting
   539 | D:1      | Slain by a gnoll

Illustrated notes

Levels and vault maps discovered:
D:1:      saegor_arrival_miasma, layout_basic, minmay_tromino_v4_a

Skill      XL: |  1  2 |
---------------+-------+-----
Short Blades   | 1 2 |  2.0
Fighting       | 1 |  1.0
Dodging        | |  1.5
Stealth        | |  3.6
Spellcasting   | |  2.1
Hexes          | |  3.0

Action                   || total
-------------------------++-------
Melee: Dagger            ||    51
       Bite              ||     8
 Stab: Sleeping          ||     1
Armor: Robe              ||     8
Dodge: Dodged            ||    27

Table legend: (Time is in decaauts)
 A = Elapsed time spent in this place.
 B = Non-inter-level travel time spent in this place.
 C = Inter-level travel time spent in this place.
 D = Time resting spent in this place.
 E = Time spent auto-exploring this place.
 F = Levels seen in this place.
 G = Mean time per level.
                   A        B        C        D        E       F      G
               +--------+--------+--------+--------+--------+-----+--------+
         Total |    534 |    534 |      0 |      0 |    420 |   1 |  534.0 |
       Dungeon |    534 |    534 |      0 |      0 |    420 |   1 |  534.0 |
               +--------+--------+--------+--------+--------+-----+--------+

Top non-repeatable levels by time:
     D:1: 534 daAuts
